 Dungeon Crawl Stone Soup version 0.31-a0-831-g143b1e81fc (webtiles) character file.

Game seed: 15329053362491496129

186 Dirtsage the Chopper (level 5, -2/41 HPs)
             Began as a Demonspawn Fighter on Sept 24, 2023.
             Killed by nerve-wracking pain
             ... invoked by an orc priest
              (13 damage)
             ... on level 5 of the Dungeon.
             The game lasted 00:02:38 (1886 turns).

Dirtsage the Chopper (Demonspawn Fighter)           Turns: 1886, Time: 00:02:39

Health: -2/41      AC:  9    Str: 18    XL:     5   Next: 38%
Magic:  5/5        EV:  9    Int: 10    God:
Gold:   189        SH:  4    Dex: 12    Spells: 4/4 levels left

rFire   . . .        a - +0 war axe
rCold   . . .        c - +0 buckler
rNeg    . . .        b - +0 scale mail
rPois   .            (no helmet)
rElec   .            (no cloak)
rCorr   .            k - +0 pair of gloves
SInv    .            r - +1 pair of boots
Will    .....        (no amulet) Stlth
                     (no ring)
HPRegen 0.26/turn    (no ring)
MPRegen 0.09/turn

%: no passive effects
@: no status effects
A: spiny 1, weakness stinger 2
a: no special abilities


You were on level 5 of the Dungeon.
You visited 1 branch of the dungeon, and saw 4 of its levels.

You collected 189 gold pieces.

Inventory:

Hand Weapons
 a - a +0 war axe (weapon)
Missiles
 h - 2 curare-tipped darts
Armour
 b - a +0 scale mail (worn)
 c - a +0 buckler (worn)
 k - a +0 pair of gloves (worn)
 r - a +1 pair of boots (worn)
 s - a scarf of harm
 u - a +1 pair of boots
Magical Staves
 g - a staff of cold
 o - a staff of earth
Jewellery
 w - a ring of ice
Wands
 t - a wand of roots (8)
Scrolls
 e - a scroll of blinking {unknown}
 j - 5 scrolls of identify {unknown}
 m - a scroll of noise {unknown}
 n - 2 scrolls of amnesia {unknown}
 p - a scroll of brand weapon {unknown}
 v - a scroll of vulnerability {unknown}
 x - a scroll of teleportation {unknown}
Potions
 d - a potion of might
 f - a potion of mutation {unknown}
 i - 2 potions of curing {unknown}
 l - 2 potions of degeneration {unknown}
 q - a potion of brilliance {unknown}


   Skills:
 - Level 3.0 Fighting
 + Level 5.2 Axes
 - Level 2.6 Armour
 - Level 2.6 Shields


You had 4 spell levels left.
You didn't know any spells.
Your spell library was empty.

Dungeon Overview and Level Annotations

Branches:
Dungeon (3/15)

Altars:


Innate Abilities, Weirdness & Mutations

You are partially covered in sharp spines.
You have a tail ending in a sharp stinger.


Message History

You hit the orc.
The orc is heavily wounded.
The orc is struck by your spines.
You kill the orc!
The orc wizard casts a spell at you. The puff of flame hits you.
You take 4 damage, and have 22/41 hp.
The orc wizard gestures at you while chanting.
You resist with some effort.
Things that are here:
a +0 short sword; a +0 leather armour; an orc corpse You closely miss the orc wizard.
The orc priest looks braver for a moment.
The orc wizard hits you but does no damage.
You slash the orc wizard!
The orc wizard is heavily wounded.
The orc wizard hits you but does no damage.
You closely miss the orc wizard.
The orc wizard is heavily wounded.
The orc wizard is struck by your spines.
You kill the orc wizard!
The orc priest barely misses you.
You barely miss the orc priest.
The orc priest is struck by your spines.
The orc priest barely misses you.
You slash the orc priest!
The orc priest is almost dead.
You block the orc priest's attack.
You hit the orc priest.
The orc priest is almost dead.
The orc priest mumbles some strange prayers to Beogh against you.
Beogh smites you!
* * * LOW HITPOINT WARNING * * *
You block the orc priest's attack.
You take 13 damage, and have 11/41 hp.
MASSIVE DAMAGE!!
You barely miss the orc priest.
Your tail-slap misses the orc priest.
The orc priest is almost dead.
The orc priest mumbles some strange prayers to Beogh against you.
Pain shoots through your body!
You die...

........#
......<.
......##
...... ....#
.o. #o#
##########@#
#...........#
#...........#
#...........#
#...........#
...........>#
...........##
.......†...#
#####..####


You could see an orc priest and an orc.

Vanquished Creatures
  A scorpion (D:5)
  An orc wizard (D:5)
  3 adders
  2 worms (D:2)
  2 dart slugs
  4 orcs (D:5)
  7 endoplasms
  5 giant cockroaches
  5 goblins (D:1)
  3 hobgoblins
  3 jackals (D:1)
  3 quokkas
  4 ball pythons
  6 bats
  3 frilled lizards
  7 kobolds
  8 rats
67 creatures vanquished.

Notes
Turn   | Place    | Note
-------+----------+-------------------------------------------
     0 | D:1      | Dirtsage the Demonspawn Fighter began the quest for the
                  | Orb.
     0 | D:1      | Reached XP level 1. HP: 18/18 MP: 1/1
    14 | D:1      | Reached skill level 2 in Axes
   100 | D:1      | Gained mutation: You have a small tail. [demonic ancestry]
   100 | D:1      | Reached XP level 2. HP: 24/24 MP: 2/2
   385 | D:1      | Reached skill level 3 in Axes
   602 | D:1      | Reached XP level 3. HP: 29/29 MP: 3/3
   752 | D:1      | Found a faded altar of an unknown god.
  1294 | D:2      | Reached skill level 4 in Axes
  1294 | D:2      | Gained mutation: You are partially covered in sharp spines.
                  | [demonic ancestry]
  1294 | D:2      | Reached XP level 4. HP: 22/35 MP: 4/4
  1799 | D:3      | You fall into a shaft and drop 2 floors!
  1799 | D:5      | Entered Level 5 of the Dungeon
  1862 | D:5      | Noticed a scorpion
  1868 | D:5      | Killed a scorpion
  1869 | D:5      | Reached skill level 5 in Axes
  1869 | D:5      | Gained mutation: You have a tail ending in a sharp stinger.
                  | [demonic ancestry]
  1869 | D:5      | Reached XP level 5. HP: 41/41 MP: 5/5
  1886 | D:5      | Killed from afar by an orc priest

Illustrated notes

Levels and vault maps discovered:
D:1:      spicycebolla_arrival_clurvy, layout_basic,
          hellmonk_ecumenical_altar_dog_temple, minmay_misc_feat_plants
D:2:      minmay_angry_zag, layout_rooms
D:3:      layout_loops_ring, mainiacjoe_overflow_swirl, uniq_natasha
D:5:      layout_basic, mainiacjoe_overflow_24_doors, st_stairs_5,
          uniq_eustachio

Skill      XL: |  1  2  3  4 |
---------------+-------------+-----
Axes           | 2 3 4 5 |  5.2
Fighting       | |  3.0
Armour         | |  2.6
Shields        | |  2.6

Action                     |  1- 3 |  4- 6 || total
---------------------------+-------+-------++-------
  Melee: War axe           |   123 |    41 ||   164
         Tailslap          |    11 |     3 ||    14
 Armour: Scale mail        |    77 |    21 ||    98
  Dodge: Dodged            |    54 |    17 ||    71
  Block: Buckler           |    29 |    12 ||    41

Table legend: (Time is in decaauts)
 A = Elapsed time spent in this place.
 B = Non-inter-level travel time spent in this place.
 C = Inter-level travel time spent in this place.
 D = Time resting spent in this place.
 E = Time spent auto-exploring this place.
 F = Levels seen in this place.
 G = Mean time per level.
                   A        B        C        D        E       F      G
               +--------+--------+--------+--------+--------+-----+--------+
         Total |   1945 |   1900 |     45 |      0 |   1499 |   4 |  486.2 |
       Dungeon |   1945 |   1900 |     45 |      0 |   1499 |   4 |  486.2 |
               +--------+--------+--------+--------+--------+-----+--------+

Top non-repeatable levels by time:
     D:1: 1071 daAuts
     D:2: 497 daAuts
     D:3: 283 daAuts
     D:5: 92 daAuts
